 Dungeon Crawl Stone Soup version 0.23.2 (webtiles) character file.

Game seed: 9765624992005305308

56 Chiseanne the Magician (level 3, 0/27 HPs)
             Began as a Demonspawn Wanderer on Apr 7, 2019.
             Killed from afar by Sigmund (5 damage)
             ... with a puff of flame
             ... on level 2 of the Dungeon.
             The game lasted 00:02:06 (1195 turns).

Chiseanne the Magician (Demonspawn Wanderer)        Turns: 1195, Time: 00:02:06

Health: 0/27       AC:  5    Str: 13    XL:     3   Next: 69%
Magic:  7/7        EV: 11    Int: 13    God:
Gold:   53         SH:  0    Dex: 12    Spells: 8/8 levels left

rFire    . . .     SeeInvis .   a - +2 dagger (venom)
rCold    . . .     Gourm    .   (no shield)
rNeg     . . .     Faith    .   m - +0 ring mail (curse)
rPois    .         Spirit   .   (no helmet)
rElec    .         Reflect  .   (no cloak)
rCorr    .         Harm     .   (no gloves)
MR       .....                  (no boots)
Stlth    +.........             (no amulet)
HPRegen  0.09/turn              (no ring)
MPRegen  0.10/turn              (no ring)

@: hasted, very quick
A: hooves 1
a: no special abilities


You were on level 2 of the Dungeon.
You were not hungry.

You visited 1 branch of the dungeon, and saw 2 of its levels.

You collected 53 gold pieces.

Inventory:

Hand Weapons
 a - a +2 dagger of venom (weapon)
Missiles
 e - 24 sling bullets
 i - 69 stones (quivered)
Armour
 m - a cursed +0 ring mail (worn)
Scrolls
 c - 3 scrolls of identify {unknown}
 d - 2 scrolls of teleportation
 j - 3 scrolls of remove curse {unknown}
 l - a scroll of enchant weapon {unknown}
Potions
 b - a potion of haste
 h - a potion of flight {unknown}
 k - a potion of curing
 o - a potion of heal wounds {unknown}
Comestibles
 f - 2 rations


   Skills:
 * Level 2.0 Fighting
 * Level 1.2 Armour
 * Level 1.8 Dodging
 - Level 2.6 Stealth
 * Level 3.4 Spellcasting
   Level 1.0 Conjurations
   Level 1.0 Hexes


You had 8 spell levels left.
You didn't know any spells.
Your spell library contained the following spells:

 Spells                   Type           Power        Failure   Level  Hunger
 Ensorcelled Hibernation  Hex/Ice        #.....       50%         2    ##.....
 Throw Frost              Conj/Ice       #.....       50%         2    ##.....


Dungeon Overview and Level Annotations

Branches:
Dungeon (2/15)

Altars:

Annotations:
D:2 Sigmund


Innate Abilities, Weirdness & Mutations

You have large cloven feet.


Message History

You hit Sigmund.
Sigmund looks as sick as possible!
You kick Sigmund, but do no damage.
Sigmund is lightly wounded.
You hit Sigmund but do no damage.
Sigmund looks as sick as possible!
Sigmund is lightly wounded.
Sigmund laughs darkly.
Sigmund hits you but does no damage.
You hit Sigmund. Your kick misses Sigmund.
Sigmund is moderately wounded.
You hit Sigmund but do no damage.
Sigmund looks as sick as possible!
You kick Sigmund.
Sigmund is moderately wounded.
Sigmund barely misses you.
You hit Sigmund but do no damage.
Sigmund is severely wounded.
You hit Sigmund.
Sigmund looks as sick as possible!
Sigmund is almost dead.
Sigmund points at you and mumbles some strange words.
The puff of flame hits you.
You die...

#..#######..
#..# #.[#
#..# #..#
#..#####
#......#
####.###.#
#.@..#
#@#### #.#
#.# #.# #.#
#.# #.# #)#


You could see Sigmund.

Vanquished Creatures
  Jessica (D:2)
  An ooze (D:1)
  A bat (D:2)
  A giant cockroach (D:1)
  5 goblins (D:1)
  5 hobgoblins (D:1)
  4 kobolds (D:1)
  4 frilled lizards
  2 rats (D:1)
24 creatures vanquished.

Notes
Turn   | Place    | Note
-------+----------+-------------------------------------------
     0 | D:1      | Chiseanne the Demonspawn Wanderer began the quest for the
                  | Orb.
     0 | D:1      | Chiseanne set off with the following items: a +2 dagger, a
                  | potion of haste, a scroll of teleportation, a +0 robe, a
                  | ration; and the following spells available to memorise:
                  | Ensorcelled Hibernation, Throw Frost
     0 | D:1      | Reached XP level 1. HP: 15/15 MP: 4/4
   358 | D:1      | Gained mutation: You have large cloven feet. [demonic
                  | ancestry]
   358 | D:1      | Reached XP level 2. HP: 19/21 MP: 6/6
   943 | D:2      | Reached XP level 3. HP: 23/27 MP: 7/7
  1013 | D:2      | Noticed Jessica
  1026 | D:2      | Killed Jessica
  1026 | D:2      | Reached skill level 1 in Armour
  1176 | D:2      | Noticed Sigmund
  1195 | D:2      | Killed from afar by Sigmund

Skill      XL: |  1  2  3 |
---------------+----------+-----
Fighting       | 2 |  2.0
Armour         | 1 |  1.2
Dodging        | |  1.8
Stealth        | |  2.6
Spellcasting   | |  3.4
Conjurations   | |  1.0
Hexes          | |  1.0

Action                   || total
-------------------------++-------
Melee: Dagger            ||    85
       Kick              ||    16
  Use: Potion            ||     2
 Stab: Sleeping          ||     2
  Eat: Chunk             ||     1
Armor: Leather armour    ||    16
       Ring mail         ||     1
Dodge: Dodged            ||    39
